[ PARTIDA AOE2 · #506135292 ]
UnrankedHunos vs Huns
Equipo del jugador · VICT
Equipo rival · DERR
[ ANÁLISIS DE REPETICIÓN · EXTRAÍDO DE LA PARTIDA GRABADA ]
Feudal
10:15
Castillos
22:25
Imperial
—
| APM promedio | 74.8 |
| APM pico | 113 |
| eAPM promedio | 32.7 |
| Aldeanos / militares | 82 / 204 |
Foco
⚔️ 48.3% · 🌾 51.7%
Cavalry Archer ×111 · Knight ×27 · Archer ×25 · Battering Ram ×17 · Skirmisher ×8 · Scorpion ×7
Feudal
9:55
Castillos
26:52
Imperial
—
| APM promedio | 31.0 |
| APM pico | 50 |
| eAPM promedio | 20.7 |
| Aldeanos / militares | 131 / 66 |
Foco
⚔️ 49.1% · 🌾 50.9%
Spearman ×29 · Skirmisher ×21 · Mangonel ×4 · Scorpion ×4 · Monk ×3 · Archer ×2
Mapa de la partida
Recursos iniciales + cada clic de construcción. Líneas = muros · curvas = relieve. ◆ oro · ⬟ piedra · ● bayas · ✦ reliquia · ◌ hueco del cierre
Tu base· Abierta — flanco sin cerrar
Base de Schloofi36· Abierta — hueco de 4t
Terreno inicial suavizado · ◌ = hueco del cierre detectado · pasá el cursor para detalles
Inputs por minuto
— Pedro - - Schloofi36
Build order — Pedro
Primeras 150 de 405 acciones detectadas
| 0:00 | Encolar | Villager (Male) |
| 0:01 | Encolar | Villager (Male) |
| 0:21 | Encolar | Villager (Male) |
| 0:31 | Encolar | Villager (Male) |
| 1:21 | Encolar | Villager (Male) |
| 1:53 | Encolar | Villager (Male) |
| 1:58 | Encolar | Villager (Male) |
| 2:03 | Construir | Lumber Camp |
| 2:14 | Encolar | Villager (Male) |
| 2:47 | Encolar | Villager (Male) |
| 3:25 | Encolar | Villager (Male) |
| 4:05 | Encolar | Villager (Male) |
| 4:13 | Encolar | Villager (Male) |
| 4:37 | Encolar | Villager (Male) |
| 4:42 | Encolar | Villager (Male) |
| 5:04 | Construir | Barracks |
| 5:07 | Encolar | Villager (Male) |
| 5:19 | Encolar | Villager (Male) |
| 5:54 | Encolar | Villager (Male) |
| 6:06 | Encolar | Militia |
| 6:06 | Encolar | Militia |
| 6:06 | Encolar | Militia |
| 6:08 | Construir | Mill |
| 6:42 | Encolar | Villager (Male) |
| 6:55 | Encolar | Militia |
| 6:59 | Encolar | Villager (Male) |
| 7:07 | Investigar | Loom |
| 8:05 | Investigar | Feudal Age |
| 8:29 | Construir | Lumber Camp |
| 8:40 | Construir | Mining Camp |
| 9:03 | Encolar | Villager (Male) |
| 9:31 | Encolar | Villager (Male) |
| 10:15 | Edad | Edad Feudal |
| 10:34 | Construir | Archery Range |
| 10:39 | Investigar | Double-Bit Axe |
| 10:39 | Investigar | Double-Bit Axe |
| 10:39 | Encolar | Villager (Male) |
| 10:55 | Investigar | Man-at-Arms (upgrade) |
| 10:56 | Investigar | Man-at-Arms (upgrade) |
| 10:56 | Investigar | Man-at-Arms (upgrade) |
| 11:08 | Encolar | Villager (Male) |
| 11:22 | Construir | Archery Range |
| 11:25 | Encolar | Archer |
| 11:25 | Encolar | Archer |
| 11:28 | Encolar | Villager (Male) |
| 11:48 | Encolar | Villager (Male) |
| 11:49 | Encolar | Archer |
| 11:49 | Encolar | Archer |
| 12:10 | Encolar | Villager (Male) |
| 12:30 | Encolar | Archer |
| 12:30 | Encolar | Archer |
| 12:51 | Construir | Farm |
| 12:53 | Construir | Blacksmith |
| 13:03 | Encolar | Archer |
| 13:03 | Encolar | Villager (Male) |
| 13:18 | Construir | Farm |
| 13:19 | Construir | Farm |
| 13:21 | Construir | Farm |
| 13:24 | Encolar | Archer |
| 13:31 | Construir | Watch Tower |
| 13:37 | Encolar | Archer |
| 13:37 | Encolar | Villager (Male) |
| 13:42 | Encolar | Archer |
| 13:42 | Encolar | Archer |
| 13:43 | Encolar | Skirmisher |
| 13:52 | Encolar | Skirmisher |
| 13:52 | Encolar | Skirmisher |
| 14:07 | Investigar | Fletching |
| 14:07 | Investigar | Fletching |
| 14:11 | Encolar | Skirmisher |
| 14:12 | Encolar | Archer |
| 14:15 | Construir | Farm |
| 14:17 | Construir | Farm |
| 14:20 | Encolar | Archer |
| 14:21 | Encolar | Archer |
| 14:26 | Encolar | Archer |
| 14:36 | Encolar | Villager (Male) |
| 14:40 | Construir | Palisade Wall |
| 14:41 | Construir | Palisade Wall |
| 14:42 | Construir | Palisade Wall |
| 14:42 | Construir | Palisade Wall |
| 14:54 | Encolar | Archer |
| 14:55 | Encolar | Villager (Male) |
| 15:05 | Encolar | Archer |
| 15:05 | Encolar | Archer |
| 15:11 | Encolar | Villager (Male) |
| 15:13 | Construir | Farm |
| 16:08 | Encolar | Villager (Male) |
| 16:11 | Construir | Farm |
| 16:12 | Construir | Farm |
| 16:28 | Encolar | Skirmisher |
| 16:28 | Encolar | Skirmisher |
| 16:38 | Encolar | Villager (Male) |
| 16:39 | Construir | Farm |
| 16:42 | Construir | Farm |
| 16:50 | Encolar | Villager (Male) |
| 16:56 | Encolar | Archer |
| 16:57 | Encolar | Archer |
| 16:57 | Encolar | Archer |
| 16:58 | Encolar | Archer |
| 16:58 | Encolar | Archer |
| 17:03 | Encolar | Villager (Male) |
| 17:06 | Construir | Farm |
| 17:21 | Encolar | Archer |
| 17:21 | Encolar | Archer |
| 17:23 | Encolar | Villager (Male) |
| 17:24 | Encolar | Villager (Male) |
| 18:12 | Construir | Farm |
| 18:14 | Construir | Farm |
| 18:33 | Encolar | Villager (Male) |
| 19:00 | Encolar | Villager (Male) |
| 19:04 | Construir | Farm |
| 19:30 | Construir | Farm |
| 19:45 | Investigar | Castle Age |
| 19:46 | Investigar | Castle Age |
| 19:56 | Construir | Stable |
| 19:57 | Construir | Stable |
| 20:12 | Encolar | Skirmisher |
| 20:20 | Encolar | Skirmisher |
| 21:03 | Investigar | Scale Barding Armor |
| 21:06 | Construir | Farm |
| 21:15 | Encolar | Villager (Male) |
| 21:19 | Encolar | Villager (Male) |
| 21:26 | Investigar | Bloodlines |
| 21:47 | Construir | Farm |
| 21:50 | Construir | Market |
| 22:00 | Encolar | Villager (Male) |
| 22:09 | Investigar | Forging |
| 22:10 | Investigar | Forging |
| 22:16 | Construir | Lumber Camp |
| 22:25 | Edad | Edad de los Castillos |
| 22:26 | Encolar | Knight |
| 22:27 | Encolar | Knight |
| 22:28 | Encolar | Knight |
| 22:28 | Encolar | Knight |
| 22:41 | Encolar | Knight |
| 22:42 | Encolar | Knight |
| 22:42 | Encolar | Knight |
| 22:52 | Construir | Siege Workshop |
| 22:53 | Encolar | Knight |
| 23:05 | Construir | Farm |
| 23:14 | Construir | Farm |
| 23:16 | Encolar | Villager (Male) |
| 23:26 | Encolar | Villager (Male) |
| 23:31 | Investigar | Bow Saw |
| 23:31 | Investigar | Bow Saw |
| 23:31 | Investigar | Bow Saw |
| 23:41 | Encolar | Knight |
| 23:41 | Encolar | Knight |
| 24:05 | Encolar | Knight |
Build order — Schloofi36
Primeras 150 de 278 acciones detectadas
| 0:02 | Encolar | Villager (Male) |
| 0:02 | Encolar | Villager (Male) |
| 0:02 | Encolar | Villager (Male) |
| 0:03 | Encolar | Villager (Male) |
| 0:03 | Encolar | Villager (Male) |
| 1:25 | Encolar | Villager (Male) |
| 1:25 | Encolar | Villager (Male) |
| 1:25 | Encolar | Villager (Male) |
| 1:50 | Encolar | Villager (Male) |
| 1:50 | Encolar | Villager (Male) |
| 1:51 | Encolar | Villager (Male) |
| 1:51 | Encolar | Villager (Male) |
| 1:57 | Construir | Lumber Camp |
| 2:40 | Encolar | Villager (Male) |
| 2:40 | Encolar | Villager (Male) |
| 2:41 | Encolar | Villager (Male) |
| 3:10 | Encolar | Villager (Male) |
| 3:10 | Encolar | Villager (Male) |
| 3:39 | Construir | Palisade Wall |
| 3:49 | Encolar | Villager (Male) |
| 3:49 | Encolar | Villager (Male) |
| 4:23 | Encolar | Villager (Male) |
| 4:37 | Construir | Mill |
| 5:14 | Encolar | Villager (Male) |
| 5:14 | Encolar | Villager (Male) |
| 5:14 | Encolar | Villager (Male) |
| 6:05 | Encolar | Villager (Male) |
| 6:13 | Encolar | Villager (Male) |
| 6:13 | Encolar | Villager (Male) |
| 6:31 | Investigar | Loom |
| 7:12 | Encolar | Villager (Male) |
| 7:45 | Investigar | Feudal Age |
| 8:49 | Construir | Barracks |
| 8:56 | Construir | Palisade Wall |
| 9:19 | Construir | Palisade Wall |
| 9:22 | Construir | Palisade Wall |
| 9:24 | Construir | Palisade Wall |
| 9:35 | Encolar | Villager (Male) |
| 9:55 | Edad | Edad Feudal |
| 9:58 | Encolar | Villager (Male) |
| 10:00 | Construir | Mining Camp |
| 10:02 | Investigar | Double-Bit Axe |
| 10:25 | Encolar | Villager (Male) |
| 10:32 | Construir | Archery Range |
| 10:37 | Encolar | Villager (Male) |
| 10:38 | Encolar | Spearman |
| 10:52 | Encolar | Villager (Male) |
| 11:02 | Encolar | Archer |
| 11:37 | Encolar | Archer |
| 11:42 | Encolar | Villager (Male) |
| 11:59 | Encolar | Villager (Male) |
| 12:06 | Construir | Palisade Wall |
| 12:20 | Encolar | Skirmisher |
| 12:45 | Encolar | Villager (Male) |
| 12:48 | Encolar | Villager (Male) |
| 13:09 | Encolar | Villager (Male) |
| 13:13 | Encolar | Skirmisher |
| 13:17 | Construir | Blacksmith |
| 13:25 | Encolar | Skirmisher |
| 13:27 | Encolar | Villager (Male) |
| 13:42 | Encolar | Villager (Male) |
| 13:45 | Encolar | Villager (Male) |
| 14:19 | Investigar | Fletching |
| 14:26 | Encolar | Villager (Male) |
| 15:08 | Construir | Farm |
| 15:08 | Construir | Farm |
| 15:08 | Construir | Farm |
| 15:09 | Construir | Farm |
| 15:09 | Construir | Farm |
| 15:09 | Construir | Farm |
| 15:12 | Encolar | Villager (Male) |
| 15:26 | Encolar | Skirmisher |
| 15:50 | Encolar | Villager (Male) |
| 15:54 | Encolar | Skirmisher |
| 16:02 | Encolar | Skirmisher |
| 16:20 | Encolar | Villager (Male) |
| 16:21 | Encolar | Villager (Male) |
| 16:42 | Encolar | Villager (Male) |
| 16:47 | Construir | Farm |
| 16:48 | Construir | Farm |
| 16:48 | Construir | Farm |
| 16:48 | Construir | Farm |
| 16:49 | Construir | Farm |
| 16:49 | Construir | Farm |
| 17:04 | Encolar | Villager (Male) |
| 17:30 | Encolar | Skirmisher |
| 17:37 | Construir | Lumber Camp |
| 17:42 | Encolar | Skirmisher |
| 17:46 | Encolar | Villager (Male) |
| 18:03 | Encolar | Villager (Male) |
| 18:13 | Construir | Palisade Wall |
| 18:24 | Encolar | Skirmisher |
| 18:28 | Investigar | Padded Archer Armor |
| 18:52 | Construir | Lumber Camp |
| 18:55 | Encolar | Skirmisher |
| 19:00 | Encolar | Villager (Male) |
| 19:02 | Encolar | Skirmisher |
| 19:05 | Construir | Palisade Wall |
| 19:07 | Construir | Palisade Wall |
| 19:08 | Construir | Palisade Wall |
| 19:15 | Encolar | Skirmisher |
| 19:22 | Encolar | Skirmisher |
| 19:25 | Encolar | Villager (Male) |
| 19:45 | Encolar | Villager (Male) |
| 19:51 | Encolar | Skirmisher |
| 19:56 | Construir | Stable |
| 20:28 | Encolar | Villager (Male) |
| 20:40 | Encolar | Villager (Male) |
| 20:48 | Construir | Farm |
| 20:51 | Construir | Farm |
| 20:51 | Construir | Farm |
| 21:07 | Encolar | Spearman |
| 21:15 | Construir | Mill |
| 21:15 | Construir | Farm |
| 21:16 | Construir | Farm |
| 21:16 | Construir | Farm |
| 21:16 | Construir | Farm |
| 21:17 | Construir | Farm |
| 21:22 | Construir | Watch Tower |
| 21:23 | Encolar | Villager (Male) |
| 21:48 | Encolar | Villager (Male) |
| 21:50 | Encolar | Villager (Male) |
| 22:28 | Construir | Mining Camp |
| 22:47 | Construir | Barracks |
| 24:12 | Investigar | Castle Age |
| 24:23 | Encolar | Spearman |
| 24:23 | Encolar | Spearman |
| 24:37 | Encolar | Spearman |
| 24:38 | Encolar | Spearman |
| 25:03 | Investigar | Scale Mail Armor |
| 25:21 | Encolar | Spearman |
| 25:21 | Encolar | Spearman |
| 25:32 | Construir | Palisade Wall |
| 25:34 | Construir | Palisade Wall |
| 25:41 | Encolar | Spearman |
| 25:44 | Encolar | Spearman |
| 25:44 | Encolar | Spearman |
| 25:50 | Encolar | Spearman |
| 25:54 | Construir | Barracks |
| 26:06 | Encolar | Spearman |
| 26:06 | Encolar | Spearman |
| 26:14 | Construir | Palisade Wall |
| 26:16 | Construir | Palisade Wall |
| 26:52 | Edad | Edad de los Castillos |
| 26:54 | Investigar | Pikeman (upgrade) |
| 26:54 | Investigar | Squires |
| 27:18 | Encolar | Knight |
| 27:52 | Encolar | Spearman |
| 27:53 | Encolar | Spearman |
| 28:02 | Encolar | Villager (Male) |
Cronología de la partida
| 3:39 | Schloofi36 · wall_segment Palisade Wall x3 |
| 5:04 | Pedro · first_building Barracks |
| 8:49 | Schloofi36 · first_building Barracks |
| 8:56 | Schloofi36 · wall_segment Palisade Wall x1 |
| 9:19 | Schloofi36 · wall_segment Palisade Wall x1 |
| 9:22 | Schloofi36 · wall_segment Palisade Wall x1 |
| 9:24 | Schloofi36 · wall_segment Palisade Wall x1 |
| 9:55 | Schloofi36 · age_up feudal |
| 10:15 | Pedro · age_up feudal |
| 10:32 | Schloofi36 · first_building Archery Range |
| 10:34 | Pedro · first_building Archery Range |
| 12:06 | Schloofi36 · wall_segment Palisade Wall x1 |
| 14:40 | Pedro · wall_segment Palisade Wall x1 |
| 14:41 | Pedro · wall_segment Palisade Wall x1 |
| 14:42 | Pedro · wall_segment Palisade Wall x1 |
| 14:42 | Pedro · wall_segment Palisade Wall x1 |
| 18:13 | Schloofi36 · wall_segment Palisade Wall x3 |
| 19:05 | Schloofi36 · wall_segment Palisade Wall x1 |
| 19:07 | Schloofi36 · wall_segment Palisade Wall x1 |
| 19:08 | Schloofi36 · wall_segment Palisade Wall x1 |
| 19:56 | Schloofi36 · first_building Stable |
| 19:56 | Pedro · first_building Stable |
| 22:25 | Pedro · age_up castle |
| 22:39 | Pedro · first_market_buy 100 food |
| 22:52 | Pedro · first_building Siege Workshop |
| 24:45 | Pedro · first_market_sell 100 wood |
| 25:32 | Schloofi36 · wall_segment Palisade Wall x1 |
| 25:34 | Schloofi36 · wall_segment Palisade Wall x1 |
| 26:14 | Schloofi36 · wall_segment Palisade Wall x1 |
| 26:16 | Schloofi36 · wall_segment Palisade Wall x3 |
| 26:52 | Schloofi36 · age_up castle |
| 27:46 | Pedro · wall_segment Palisade Wall x1 |
| 30:08 | Schloofi36 · first_building Siege Workshop |
| 31:42 | Schloofi36 · first_building Monastery |
| 34:27 | Schloofi36 · first_market_buy 100 stone |
| 39:02 | Schloofi36 · first_building Castle |
| 45:28 | Pedro · first_building Castle |
| 45:38 | Schloofi36 · resign |
[ ANÁLISIS IA · 1 CRÉDITO ]
¿Qué pasó realmente en esta partida?
Wolo.gg analiza cada decisión: build order, eco, micro, errores típicos por bracket. Análisis personalizado por WhatsApp o Discord en 30 segundos.
Guía civ
Hunos
Perfil
Pedro